 Dungeon Crawl Stone Soup version 0.23-a0-78-gc252fe1 (webtiles) character file.

37 mhoghedin the Charlatan (level 3, -3/21 HPs)
             Began as a Kobold Artificer on Aug 10, 2018.
             Shot with an arrow by a centaur (11 damage)
             ... on level 2 of the Dungeon.
             The game lasted 00:01:57 (992 turns).

mhoghedin the Charlatan (Kobold Artificer)           Turns: 992, Time: 00:01:58

Health: -3/21      AC:  3    Str: 10    XL:     3   Next: 60%
Magic:  6/6        EV: 15    Int: 12    God:
Gold:   13         SH:  0    Dex: 15    Spells: 2/2 levels left

rFire    . . .     SeeInvis .   a - +0 short sword
rCold    . . .     Gourm    .   (shield restricted)
rNeg     + . .     Faith    .   b - +0 leather armour
rPois    .         Spirit   .   (no helmet)
rElec    .         Reflect  .   (no cloak)
rCorr    .         Harm     .   (no gloves)
MR       .....                  (no boots)
Stlth    ++........             (no amulet)
HPRegen  0.07/turn              g - ring of positive energy {rN+}
MPRegen  0.10/turn              (no ring)

@: no status effects
A: small, carnivore
a: no special abilities


You were on level 2 of the Dungeon.
You were very full.

You visited 1 branch of the dungeon, and saw 2 of its levels.

You collected 13 gold pieces.

Inventory:

Hand Weapons
 a - a +0 short sword (weapon)
Armour
 b - a +0 leather armour (worn)
Jewellery
 g - a ring of positive energy (left hand) {rN+}
   (You found it on level 1 of the Dungeon)
Wands
 c - a wand of flame (13)
 d - a wand of enslavement (11)
 e - a wand of random effects (15)
Scrolls
 k - a scroll of enchant armour {unknown}
 l - 3 scrolls of identify {unknown}
 m - a scroll of teleportation {unknown}
Potions
 h - a potion of curing
 i - a potion of flight {unknown}
 j - a potion of haste {unknown}
 n - a potion of might {unknown}
 o - a potion of ambrosia {unknown}
 p - a potion of agility {unknown}
Comestibles
 f - 3 rations


   Skills:
 + Level 1.8 Fighting
 + Level 2.2 Short Blades
 + Level 3.0 Dodging
 + Level 2.3 Stealth
 + Level 4.0 Evocations


You had 2 spell levels left.
You didn't know any spells.
Your spell library was empty.

Dungeon Overview and Level Annotations

Branches:
Dungeon (2/15)

Altars:
Sif Muna


Innate Abilities, Weirdness & Mutations

You are small and have problems with some larger weapons.
You are carnivorous and can eat meat at any time.


Message History

There is a stone staircase leading up here.
The kobold misses you.
You hit the kobold.
You kill the kobold!
No target in view!
Found a stone staircase leading up.
You see here a kobold corpse.
Eating one of 6 chunks of flesh {@w0}.
You eat one of the 6 chunks of flesh {@w0}.
This raw flesh tastes great.
Eating one of 5 chunks of flesh {@w0}.
You eat one of the 5 chunks of flesh {@w0}.
This raw flesh tastes great.
Eating one of 4 chunks of flesh {@w0}.
You eat one of the 4 chunks of flesh {@w0}.
This raw flesh tastes great.
Eating one of 3 chunks of flesh {@w0}.
You eat one of the 3 chunks of flesh {@w0}.
This raw flesh tastes great.
Eating one of 2 chunks of flesh {@w0}.
You eat one of the 2 chunks of flesh {@w0}.
This raw flesh tastes great.
Eating a chunk of flesh {@w0}.
You eat the chunk of flesh {@w0}.
This raw flesh tastes great.
The adder is no longer charmed.
The adder is too close now for your liking.
An adder is nearby!
Aim: an adder (moderately wounded)
The puff of flame hits the adder.
The adder closely misses you. The adder bites you.
You are poisoned.
The adder poisons you!
You take 3 damage, and have 17/20 hp.
Unknown command.
Aim: an adder (severely wounded)
The puff of flame hits the adder.
You kill the adder!
You feel sick.
You start resting.
You feel sick. x6
You are no longer poisoned.
You take 4 damage, and have 13/21 hp.
You start resting.
Health restored: 21 Unknown command.
l - 3 scrolls labeled CIC DEZUDUI (gained 1)
Found a deep blue altar of Sif Muna.
o - a coppery potion You see here 6 poisoned needles.
p - a glowing pink potion An adder comes into view.
The adder hisses angrily.
The adder misses you.
You barely miss the adder. The adder misses you.
You hit the adder. The adder closely misses you.
You hit the adder. The adder bites you but does no damage.
You hit the adder.
You kill the adder!
Your Dodging skill increases to level 3!
Your Evocations skill increases to level 4!
No target in view!
No target in view!
No target in view!
No target in view!
No target in view!
No target in view!
No target in view!
No target in view!
No target in view!
No target in view!
No target in view!
No target in view!
No target in view!
You now have 13 gold pieces (gained 6).
A centaur comes into view.
MP restored: 6 A centaur is nearby!
The centaur hits you. The centaur hits you!
* * * LOW HITPOINT WARNING * * *
You are too injured to fight recklessly!
You are too injured to fight recklessly!
You take 15 damage, and have 6/21 hp.
MASSIVE DAMAGE!!
Aim: a centaur (chance to defeat MR: 58%)
The centaur is charmed.
What are your orders? t - Shout!
Orders for allies: a - Attack new target. p - Attack previous target. r - Retreat! s - Stop attacking. g - Guard the area. f - Follow me.
Anything else - Cancel.
Retreat in which direction?
Fall back!
There is a stone staircase leading up here.
You start resting.
The centaur wields a shortbow.
The centaur shoots an arrow.
The arrow barely misses you.
The centaur shoots an arrow.
The arrow hits you!
Ouch! That really hurt!
You die...

#................###..######
#.........####.#..##..# .
#.............c.......# .#
#...........##.##.#...## .#
#..........รท.#.##......##### .#
#..........#.#.###.........# .#
#..........#...#####...###. .#
#..........##<...........#
.###.........###@####..##.#.....#
............## #(###...##.# ##...
.#####...#### #.#...#.##.# ## .#
#.#.... ##.).###....### # .#
#.####. #..#...#......##### .##
#.# #..........#......##.
..####.####...##.....####........
_............. ..................
..####...#### ##.###......######


You could see a centaur.

Vanquished Creatures
  2 adders (D:2)
  A giant cockroach (D:1)
  5 goblins
  4 hobgoblins
  2 kobolds
  2 bats (D:1)
  4 rats (D:1)
20 creatures vanquished.

Vanquished Creatures (collateral kills)
  A worm (D:2)
1 creature vanquished.

Grand Total: 21 creatures vanquished

Notes
Turn   | Place    | Note
-------+----------+-------------------------------------------
     0 | D:1      | mhoghedin the Kobold Artificer began the quest for the Orb.
     0 | D:1      | Reached XP level 1. HP: 12/12 MP: 3/3
    52 | D:1      | You fall through a shaft!
   192 | D:1      | Reached XP level 2. HP: 8/16 MP: 4/4
   561 | D:1      | Reached skill level 2 in Stealth
   680 | D:2      | Reached skill level 2 in Short Blades
   684 | D:2      | Reached XP level 3. HP: 20/20 MP: 5/5
   865 | D:2      | Found a deep blue altar of Sif Muna.
   930 | D:2      | Reached skill level 3 in Dodging
   930 | D:2      | Reached skill level 4 in Evocations
   947 | D:2      | Noticed a centaur
   992 | D:2      | Shot with an arrow by a centaur

Vault maps used:
D:1:      minmay_arrival_four_loops
D:2:      nicolae_overflow_crystal_walls, first_ration, minmay_heptomino_h4

Skill      XL: |  1  2  3 |
---------------+----------+-----
Stealth        | 2 |  2.3
Short Blades   | 2 |  2.2
Dodging        | 3 |  3.0
Evocations     | 4 |  4.0
Fighting       | |  1.8

Action                   || total
-------------------------++-------
Melee: Short sword       ||    64
Evoke: Wand              ||     6
  Use: Potion            ||     1
  Eat: Chunk             ||     7
Armor: Leather armour    ||     9
Dodge: Dodged            ||    43

Table legend:
 A = Non-vault XP
 B = Vault XP
 C = Vault XP percentage of total XP
 D = Non-vault monster count
 E = Vault monster count
 F = Vault count percentage of total count
 G = Total turns spent on level
                 A         B        C        D         E       F
            +---------+---------+-------+---------+---------+-------
      Total |      53 |       0 |   0.0 |      21 |       0 |   0.0
            +---------+---------+-------+---------+---------+-------
        D:1 |      23 |       0 |   0.0 |      14 |       0 |   0.0
        D:2 |      30 |       0 |   0.0 |       7 |       0 |   0.0
            +---------+---------+-------+---------+---------+-------

Vault maps used:
D:1:      minmay_arrival_four_loops
D:2:      nicolae_overflow_crystal_walls, first_ration, minmay_heptomino_h4

Table legend:
 A = Turns spent in this place as a percentage of turns spent in the entire game.
 B = Non-inter-level travel turns spent in this place as a percentage of non-inter-level travel turns spent in the entire game.
 C = Inter-level travel turns spent in this place as a percentage of turns spent in this place.
 D = Turns resting spent in this place as a percentage of non-inter-level travel turns spent in this place.
 E = Turns spent auto-exploring this place as a percentage of non-inter-level travel turns spent in this place.
 F = Non-inter-level travel turns spent in this place divided by the number of levels of this place that you've seen.
                   A       B       C       D       E      F
               +-------+-------+-------+-------+-------+----------------------
         Total | 100.0 | 100.0 |   1.4 |  31.4 |  46.1 | 489.0
       Dungeon | 100.0 | 100.0 |   1.4 |  31.4 |  46.1 | 489.0
               +-------+-------+-------+-------+-------+----------------------

Table legend:
 A = Kills in this place as a percentage of kills in entire the game.
 B = Kills by you in this place as a percentage of kills by you in the entire game.
 C = Kills by friends in this place as a percentage of kills by friends in the entire game.
 D = Other kills in this place as a percentage of other kills in the entire game.
 E = Experience gained in this place as a percentage of experience gained in the entire game.
 F = Experience gained in this place divided by the number of levels of this place that you have seen.
                   A       B       C       D       E      F
               +-------+-------+-------+-------+-------+----------------------
         Total | 100.0 | 100.0 | 100.0 |   N/A | 100.0 |  26.5
       Dungeon | 100.0 | 100.0 | 100.0 |   N/A | 100.0 |  26.5
               +-------+-------+-------+-------+-------+----------------------
